 Dungeon Crawl Stone Soup version 0.29-a0-184-g2ef5e920f0 (webtiles) character file.

Game seed: 15415249684683768311

1416 Impy the Destroyer (level 8, -3/53 HPs)
             Began as a Demonspawn Conjurer on Feb 21, 2022.
             Was an Initiate of Vehumet.
             Slain by a two-headed ogre (10 damage)
             ... on level 6 of the Dungeon.
             The game lasted 00:20:06 (5193 turns).

Impy the Destroyer (Demonspawn Conjurer)            Turns: 5193, Time: 00:20:07

Health: -3/53      AC:  9    Str:  6 (8)  XL:     8   Next: 43%
Magic:  11/16      EV: 12    Int: 19 (21) God:    Vehumet [......]
Gold:   229        SH:  0    Dex: 14 (17) Spells: 8/18 levels left

rFire   . . .      SeeInvis .   d - +0 dagger (elec)
rCold   . . .      Faith    .   (no shield)
rNeg    . . .      Spirit   .   a - +1 robe
rPois   .          Reflect  .   b - +2 helmet
rElec   .          Harm     .   (no cloak)
rCorr   .          Rampage  .   h - +0 pair of gloves
Will    .....                   (no boots)
Stlth   ++........              f - amulet "Uqeufoth" {RegenMP +Inv Dex+5}
HPRegen 0.17/turn               (no ring)
MPRegen 0.55/turn               (no ring)

@: no status effects
A: claws 1, thin metallic scales 1, demonic guardian 1, powered by death 2
a: Renounce Religion, Evoke Invisibility


You were on level 6 of the Dungeon.
You worshipped Vehumet.
Vehumet was noncommittal.
You visited 2 branches of the dungeon, and saw 7 of its levels.

You collected 229 gold pieces.

Inventory:

Hand Weapons
 d - a +0 dagger of electrocution (weapon)
Armour
 a - a +1 robe (worn)
 b - a +2 helmet (worn)
 h - a +0 pair of gloves (worn)
 n - a +0 buckler
Jewellery
 c - a ring of fire
 f - the amulet "Uqeufoth" (around neck) {RegenMP +Inv Dex+5}
   (You acquired it on level 3 of the Dungeon)

   [amulet of magic regeneration]

   It increases your rate of magic regeneration.
   Dex:       It affects your dexterity (+5).
   +Inv:      It lets you turn invisible.
 g - an amulet of the acrobat
Wands
 j - a wand of digging (6)
 m - a wand of iceblast (10)
Scrolls
 e - a scroll of teleportation
 k - a scroll of identify
Potions
 i - 2 potions of flight
 l - a potion of might
 o - 2 potions of curing
 p - 2 potions of invisibility
 q - a potion of magic


   Skills:
 - Level 0.9 Fighting
 - Level 1.2 Short Blades
 - Level 1.7 Dodging
 - Level 1.7 Stealth
 + Level 5.8 Spellcasting
 + Level 8.2 Conjurations
 + Level 3.8 Hexes


You had 8 spell levels left.
You knew the following spells:

 Your Spells              Type           Power      Damage    Failure   Level
a - Magic Dart            Conj           100%       1d8       1%          1
b - Searing Ray           Conj           72%        2d7       1%          2
c - Dazzling Flash        Conj/Hex       56%        N/A       2%          3
d - Fulminant Prism       Conj/Hex       14%        3d9       10%         4

Your spell library contained the following spells:

 Spells                   Type           Power      Damage    Failure   Level
 Tukima's Dance           Hex            20%        N/A       7%          3
 Animate Skeleton         Necr           10%        N/A       12%         1
 Pain                     Necr           20%        1d5       12%         1
 Sublimation of Blood     Necr           5%         N/A       17%         2
 Wereblood                Tmut           5%         N/A       17%         2
 Iskenderun's Mystic Bla  Conj/Tloc      21%        2d6       21%         4
 Vampiric Draining        Necr           5%         2d6       34%         3
 Anguish                  Hex/Necr       6%         N/A       45%         4
 Enfeeble                 Hex            10%        N/A       100%        7
 Summon Hydra             Summ           2%         N/A       100%        7


Dungeon Overview and Level Annotations

Branches:
Dungeon (6/15)             Temple (1/1) D:5

Altars:
Ashenzari
Cheibriados
Dithmenos
Elyvilon
Fedhas
Gozag
Kikubaaqudgha
Makhleb
Nemelex Xobeh
Okawaru
Qazlal
Ru
Sif Muna
Trog
Uskayaw
Vehumet
Wu Jian
Xom
Yredelemnul
Zin
The Shining One

Shops:
D:3 (   D:5 [

Portals:
Ossuary: D:6


Innate Abilities, Weirdness & Mutations

You have sharp fingernails.
You are partially covered in thin metallic scales. (AC +2)
A weak demonic guardian rushes to your aid.
You regenerate health from kills.


Message History

As you open the door, it creaks loudly!
You hear two shouts!
Found a scroll of identify.
Found a sand-covered staircase.
There is an open door here.
A two-headed ogre comes into view. It is wielding two +0 giant clubs.
The two-headed ogre shouts in stereo!
You see here a scroll of identify.
Casting: Searing Ray (safe; 1% risk of failure)
Confirm with . or Enter, or press ? or * to list all spells.
Aiming: Searing Ray (safe; 1% risk of failure)
Press: ? - help, Shift-Dir - straight line, f - two-headed ogre
Aim: a two-headed ogre, wielding two +0 giant clubs (91% to hit)
The searing ray hits the two-headed ogre.
The two-headed ogre is lightly wounded. (Press . to maintain the ray.)
The searing ray hits the two-headed ogre.
The two-headed ogre is lightly wounded.
The searing ray hits the two-headed ogre!
The two-headed ogre is moderately wounded.
The searing ray hits the two-headed ogre!
The two-headed ogre is heavily wounded.
You finish channelling your searing ray.
The two-headed ogre misses you.
The two-headed ogre hits you with a +0 giant club!
Casting: Searing Ray (safe; 1% risk of failure)
Confirm with . or Enter, or press ? or * to list all spells.
Aiming: Searing Ray (safe; 1% risk of failure)
Press: ? - help, Shift-Dir - straight line, f/p - two-headed ogre
Aim: a two-headed ogre, wielding two +0 giant clubs (heavily wounded, 91% to hit)
The searing ray hits the two-headed ogre.
The two-headed ogre is severely wounded. (Press . to maintain the ray.)
The two-headed ogre barely misses you.
The two-headed ogre hits you with a +0 giant club!
A demonic guardian appears!
The searing ray hits the two-headed ogre!
The two-headed ogre is almost dead.
The two-headed ogre hits you with a +0 giant club!!
* * * LOW HITPOINT WARNING * * *
The two-headed ogre hits you with a +0 giant club!
You die...

####^.#..##### *.#####
.........# #####..8..#
#####....# #...#.....#
#......#####....8.∩.8#
*
#....>.....'.........#
*
#....#######...#..8..#
* #....* #.....####* *
#....* #..O### *
#....* #5.@# * #....*
#...# * #..,,* ##### *
*,,,,* * ****** *


You could see a two-headed ogre (ally target) and a friendly shadow imp
(summoned).

Vanquished Creatures
  2 black bears
  An ogre (D:5)
  2 necrophages
  2 phantoms (D:4)
  A scorpion (D:4)
  Blork the orc (D:4)
  3 centaur zombies
  A jelly (D:5)
  2 hounds
  Ijyb (D:4)
  7 iguanas
  3 orc wizards
  8 gnolls (D:5)
  3 adders
  4 worms
  2 adder skeletons (D:4)
  3 dart slugs
  6 orcs
  6 ball pythons
  6 endoplasms
  4 giant cockroaches
  12 goblins
  7 hobgoblins
  8 jackals
  4 quokkas
  9 bats
  5 frilled lizards
  6 kobolds
  5 rats
124 creatures vanquished.

Vanquished Creatures (others)
  A fulminant prism (D:5)
  A plant (D:5)
2 creatures vanquished.

Grand Total: 126 creatures vanquished

Notes
Turn   | Place    | Note
-------+----------+-------------------------------------------
     0 | D:1      | Impy the Demonspawn Conjurer began the quest for the Orb.
     0 | D:1      | Reached XP level 1. HP: 13/13 MP: 3/3
    10 | D:1      | You fall into a shaft and drop 1 floor!
   276 | D:1      | Gained mutation: You have sharp fingernails. [demonic
                  | ancestry]
   276 | D:1      | Reached XP level 2. HP: 19/19 MP: 3/5
   398 | D:1      | Learned a level 2 spell: Searing Ray
  1099 | D:1      | Gained mutation: You regenerate a little health from kills.
                  | [demonic ancestry]
  1099 | D:1      | Reached XP level 3. HP: 24/24 MP: 2/6
  1345 | D:2      | Found a faded altar of an unknown god.
  1357 | D:2      | Reached skill level 5 in Conjurations
  1373 | D:2      | Gained mutation: You regenerate health from kills. [demonic
                  | ancestry]
  1373 | D:2      | Reached XP level 4. HP: 5/30 MP: 0/7
  2677 | D:3      | Identified a scroll of acquirement
  2677 | D:3      | Acquired the amulet "Uqeufoth" {RegenMP +Inv Dex+5}
  2713 | D:3      | Gained mutation: You are partially covered in thin metallic
                  | scales. (AC +2) [demonic ancestry]
  2713 | D:3      | Reached XP level 5. HP: 36/36 MP: 5/9
  2787 | D:3      | Found Iveew Some's Weapon Shoppe.
  2896 | D:3      | Reached skill level 6 in Conjurations
  3114 | D:4      | Noticed a necrophage
  3124 | D:4      | Killed a necrophage
  3125 | D:4      | Reached skill level 1 in Short Blades
  3125 | D:4      | Reached XP level 6. HP: 31/42 MP: 3/10
  3194 | D:4      | Noticed Blork the orc
  3195 | D:4      | Killed Blork the orc
  3346 | D:4      | Noticed Ijyb
  3352 | D:4      | Killed Ijyb
  3397 | D:4      | Reached skill level 7 in Conjurations
  3397 | D:4      | Gained mutation: A weak demonic guardian rushes to your
                  | aid. [demonic ancestry]
  3397 | D:4      | Reached XP level 7. HP: 47/47 MP: 7/13
  3457 | D:4      | Learned a level 3 spell: Dazzling Flash
  3546 | D:4      | Reached skill level 1 in Hexes
  4099 | D:5      | Entered Level 5 of the Dungeon
  4151 | D:5      | Reached skill level 5 in Spellcasting
  4169 | D:5      | Found Owneggoh's Antique Armour Shoppe.
  4300 | D:5      | Reached XP level 8. HP: 53/53 MP: 10/16
  4456 | D:5      | Found a staircase to the Ecumenical Temple.
  4470 | D:5      | Reached skill level 8 in Conjurations
  4481 | D:5      | Learned a level 4 spell: Fulminant Prism
  4489 | Temple   | Entered the Ecumenical Temple
  4675 | Temple   | Became a worshipper of Vehumet
  5181 | D:6      | Found a sand-covered staircase.
  5184 | D:6      | Noticed a two-headed ogre
  5193 | D:6      | Slain by a two-headed ogre

Illustrated notes

Levels and vault maps discovered:
D:1:      sevenhm_arrival_forest_fort_large_2, layout_basic
D:2:      minmay_chambers_of_twos, layout_basic, ebering_ecumenical_altar_mist
D:3:      layout_basic, serial_shops, nicolae_shop_bloodbath_and_beyond
D:4:      black_bear_nest_1, layout_cave_pools,
          hangedman_abyss_or_decor_stagger, uniq_blork_the_orc, uniq_ijyb
D:5:      layout_loops_ring, minmay_temple_entry_overgrown, serial_shops, shop
D:6:      layout_basic, nicolae_ossuary_entry_monument, nicolae_lava_and_water
Temple:   mainiacjoe_temple_archimedes_tessellation

Skill      XL: |  1  2  3  4  5  6  7  8 |
---------------+-------------------------+-----
Conjurations   | 5 6 7 8 |  8.2
Spellcasting   | 3 4 5 |  5.8
Short Blades   | 1 |  1.2
Hexes          | 2 3 |  3.8
Fighting       | |  0.9
Dodging        | |  1.7
Stealth        | |  1.7

Action                   |  1- 3 |  4- 6 |  7- 9 || total
-------------------------+-------+-------+-------++-------
Melee: Dagger            |    19 |    74 |    35 ||   128
       Punch             |     2 |     1 |       ||     3
 Cast: Magic Dart        |    32 |    16 |     2 ||    50
       Searing Ray       |    10 |    31 |    35 ||    76
       Dazzling Flash    |       |       |     1 ||     1
       Fulminant Prism   |       |       |     1 ||     1
  Use: Scroll            |     5 |     3 |     4 ||    12
       Potion            |     5 |     1 |     3 ||     9
 Stab: Sleeping          |       |     3 |       ||     3
Armor: Robe              |    10 |    47 |    31 ||    88
Dodge: Dodged            |    26 |    66 |    45 ||   137

Table legend: (Time is in decaauts)
 A = Elapsed time spent in this place.
 B = Non-inter-level travel time spent in this place.
 C = Inter-level travel time spent in this place.
 D = Time resting spent in this place.
 E = Time spent auto-exploring this place.
 F = Levels seen in this place.
 G = Mean time per level.
                   A        B        C        D        E       F      G
               +--------+--------+--------+--------+--------+-----+--------+
         Total |   5167 |   4928 |    239 |      0 |   4039 |   7 |  738.1 |
       Dungeon |   4933 |   4740 |    193 |      0 |   3875 |   6 |  822.2 |
        Temple |    233 |    187 |     46 |      0 |    164 |   1 |  233.0 |
               +--------+--------+--------+--------+--------+-----+--------+

Top non-repeatable levels by time:
     D:2: 1418 daAuts
     D:1: 1170 daAuts
     D:4: 921 daAuts
     D:5: 790 daAuts
     D:3: 563 daAuts
  Temple: 233 daAuts
     D:6: 68 daAuts
